Cogmind - Beta 14 *** ADVENTURER MODE // 2024.11.20 @ 17:56:46 Player: fwankie Result: Self-destructed Performance ------------- Evolutions (1) 500 Regions Visited (3) 600 Robots Destroyed (25) 125 Value Destroyed (714) 714 Prototype IDs (0) 0 Alien Tech Used (0) 0 Bonus (0) 0 TOTAL SCORE: 1939 Bonus ------- None Cogmind --------- Core Integrity 246/400 Matter 300/300 Energy 100/100 System Corruption 2% Temperature Cool (0) Movement Core (1400) Ox27 Location -9/Materials Parts ------- > --- POWER (1) -------- (None) > --- PROPULSION (4) --- (None) > --- UTILITY (2) ------ Huge Storage Unit > --- WEAPON (2) ------- Heavy Flail > --- INVENTORY (25) --- Ion Engine Light Ion Engine Light Ion Engine Light Deuterium Engine Light Nuclear Core Large Storage Unit Compact Matter Pod (150) Compact Matter Pod (150) Visual Processing Unit Sensor Array Terrain Scanner Improved Terrain Scanner Improved Targeting Computer Improved Targeting Computer Improved Targeting Computer Melee Analysis Suite ECM Suite ECM Suite ECM Suite Light Armor Plating Reactive Plating Medium Laser Small Laser Assault Rifle Makeshift Shrapnel Gun Peak State ------------ > --- POWER ------------ Light Deuterium Engine > --- PROPULSION ------- Light Treads Light Treads > --- UTILITY ---------- Huge Storage Unit Structural Scanner > --- WEAPON ----------- Makeshift Shrapnel Gun Heavy Flail > --- INVENTORY -------- Ion Engine Light Ion Engine Light Ion Engine Light Ion Engine Light Deuterium Engine Light Nuclear Core Large Storage Unit Medium Matter Pod Large Matter Pod Compact Matter Pod Compact Matter Pod Visual Processing Unit Terrain Scanner ECM Suite ECM Suite ECM Suite ECM Suite ECM Suite Light Armor Plating Reactive Plating Medium Laser Small Laser Assault Rifle Mining Laser Mining Laser [Rating: 17] Favorites ----------- Power Light Deuterium Engine Engine Light Deuterium Engine Propulsion Light Treads Treads Light Treads Utility Huge Storage Unit Device Structural Scanner Storage Huge Storage Unit Protection Light Armor Plating Weapon Medium Laser Energy Gun Medium Laser Ballistic Gun Assault Rifle Special Weapon Mining Laser Impact Weapon Heavy Flail Build | -11 -10 -10 -9 ------- Run | Yrd Mat Min Mat Slots Evolved 2 | . . . 2 Power . | . . . . Propulsion 2 | . . . 2 Utility . | . . . . Weapon . | . . . . Parts Attached 25 | 6 9 8 2 Power 4 | 1 1 1 1 Engine 4 | 1 1 1 1 Core . | . . . . Reactor . | . . . . Propulsion 2 | 2 . . . Treads 2 | 2 . . . Leg . | . . . . Wheel . | . . . . Hover . | . . . . Flight . | . . . . Utility 8 | 1 6 1 . Device 2 | . 1 1 . Storage 5 | 1 4 . . Processor . | . . . . Hackware . | . . . . Protection 1 | . 1 . . Artifact . | . . . . Weapon 11 | 2 2 6 1 Energy Gun 3 | 2 1 . . Energy Cannon . | . . . . Ballistic Gun 2 | . 1 1 . Ballistic Cannon . | . . . . Launcher . | . . . . Special Weapon 4 | . . 4 . Impact Weapon 2 | . . 1 1 Slashing Weapon . | . . . . Piercing Weapon . | . . . . Special Melee Weapon . | . . . . Unidentified Prototypes . | . . . . Parts Lost 5 | . . . 5 Power 1 | . . . 1 Propulsion 2 | . . . 2 Utility 1 | . . . 1 Weapon 1 | . . . 1 Highest Loss Streak 2 | . . . 2 To Critical Strikes 1 | . . . 1 Average Slot Usage (%) 92 | . 99 100 63 Engine 13 | . 14 14 9 Treads 26 | . 28 28 18 Device 7 | . 6 7 10 Storage 13 | . 14 14 11 Protection 5 | . 6 6 . Energy Gun 9 | . 14 9 . Ballistic Gun 10 | . 13 12 . Special Weapon 2 | . . 2 5 Impact Weapon 3 | . . 3 8 Peak Build Rating 17 | 6 8 17 15 Average Rating 10 | 5 7 12 11 On Entrance 6 | . 6 8 13 Naked Turns . | . . . . Heaviest Build 92 | 11 92 92 90 Greatest Support 40 | 40 40 40 40 Greatest Overweight (x) 4 | . 2 2 4 Average Overweight (x) 1 | . . 2 2 Largest Inventory Capacity 25 | 8 25 25 25 Average Capacity 22 | 7 18 25 25 Most Carried 25 | 5 16 25 25 Average Carried 17 | 1 10 22 24 Final Capacity 25 | 8 25 25 25 Final Carried 25 | 1 16 24 25 Class Distribution -------------------- 100% | Mutant Dominant Class ---------------- Mutant | -10/Materials Mutant | -10/Mines Mutant | -9/Materials Resources | -11 -10 -10 -9 ----------- Run | Yrd Mat Min Mat Matter Collected 1095 | 232 143 645 75 Remotely . | . . . . Salvage Created 781 | . 185 258 338 Parts 40 | . 27 6 7 Haulers Intercepted 1 | . 1 . . Recyclers Shooed . | . . . . Parts Field Recycled . | . . . . Retrieved Matter . | . . . . Parts Self-Destructed . | . . . . Prevented . | . . . . Kills | -11 -10 -10 -9 ------- Run | Yrd Mat Min Mat Combat Hostiles Destroyed 22 | . 6 6 10 Melee 3 | . . . 3 Guns 12 | . 6 6 . Cannons 2 | . . . 2 Classes Destroyed 7 | . 3 1 3 Hauler 1 | . 1 . . Watcher 2 | . 2 . . Swarmer 6 | . 6 . . Grunt 12 | . . 6 6 Brawler 1 | . . . 1 Duelist 1 | . . . 1 Sentry 2 | . . . 2 Best Kill Streak 4 | . 4 2 3 Combat Bots Only 3 | . 3 2 3 Max Kills in Single Turn 1 | . 1 1 1 Gunslinging . | . . . . Exploded . | . . . . Melee 1 | . . . 1 Uniques/NPCs Destroyed . | . . . . Combat | -11 -10 -10 -9 -------- Run | Yrd Mat Min Mat Hostile Shots Fired 115 | . 13 36 66 Missed 28 | . 3 11 14 Damage Taken 874 | . 61 225 588 Core 174 | . . 20 154 Absorbed by Shields . | . . . . Ignored by Resistances 257 | . 20 67 170 Core Remaining (%) 96 | 100 . 92 . Volleys Fired 40 | . 12 24 4 Largest 2 | . 2 2 2 Hottest 200 | . 70 200 200 Shots Fired 80 | . 24 48 8 Gun 68 | . 24 44 . Cannon . | . . . . Launcher . | . . . . Special 12 | . . 4 8 Kinetic 34 | . 12 22 . Thermal 46 | . 12 26 8 Explosive . | . . . . Electromagnetic . | . . . . Robot Hit Streak 21 | . 15 21 11 Robot Miss Streak 1 | . 1 1 1 Penetration Max . | . . . . Secondary Targets 2 | . 1 1 . Max Gunslinging Chain 1 | . 1 1 . Shots Hit Robots 83 | . 19 39 25 Core Hits 29 | . 10 14 5 Critical Kills . | . . . . Critical Parts Destroyed 3 | . . . 3 Critical Strikes 6 | . 1 1 4 Burn 2 | . 1 1 . Smash 4 | . . . 4 Melee Attacks 24 | . . . 24 Impact 24 | . . . 24 Slashing . | . . . . Piercing . | . . . . Sneak Attacks . | . . . . Combat Hostiles . | . . . . Follow-up Attacks . | . . . . Damage Inflicted 1662 | . 253 505 904 Guns 752 | . 247 505 . Cannons . | . . . . Explosions . | . . . . Melee 760 | . . . 760 Ramming 6 | . 6 . . Kinetic 379 | . 112 267 . Thermal 517 | . 135 238 144 Explosive . | . . . . Electromagnetic . | . . . . Impact 760 | . . . 760 Slashing . | . . . . Piercing . | . . . . Highest Corruption 2 | . . . 2 Average Corruption 2 | . . . 2 Corruption Purged . | . . . . Corruption Blocked . | . . . . Effects 1 | . . . 1 Parts Rejected 1 | . . . 1 Overload Shots . | . . . . Overflow Damage 161 | . . . 161 Projectiles . | . . . . Explosions . | . . . . Melee 161 | . . . 161 Knockbacks 4 | . . . 4 Impact 4 | . . . 4 Kinetic . | . . . . Secondary . | . . . . Self-Inflicted Damage . | . . . . Shots . | . . . . Rammed 1 | . 1 . . Targets Rammed 1 | . 1 . . Kicked . | . . . . Crushed . | . . . . Highest Temperature 252 | . 36 252 240 Average Temperature 78 | . 13 86 117 Received Heat Transfer 423 | . . 165 258 Siege Activations . | . . . . Robots Corrupted 5 | . . . 5 Combat Hostiles 5 | . . . 5 Parts Fried 1 | . . . 1 Impact Corruptions 9 | . . . 9 Robots Melted . | . . . . Combat Hostiles . | . . . . Parts Melted 1 | . . 1 . Heat Transferred 1558 | . 481 777 300 Parts Sabotaged . | . . . . Parts Stolen . | . . . . Parts Stripped . | . . . . Power Chain Reactions . | . . . . Alert | -11 -10 -10 -9 ------- Run | Yrd Mat Min Mat Peak Influence 243 | . 145 100 243 Initial . | . . . . Average 50 | . 38 35 119 Maximum Alert Level 1 | . . . 1 Low Security (%) 95 | 100 100 100 72 Level 1 4 | . . . 27 Level 2 . | . . . . Level 3 . | . . . . Level 4 . | . . . . Level 5 . | . . . . High Security . | . . . . Max Security . | . . . . Squads Dispatched 2 | . . 1 1 Investigation 1 | . . 1 . Extermination . | . . . . Reinforcement 1 | . . . 1 Assault . | . . . . Garrison . | . . . . Intercept . | . . . . Searches Triggered . | . . . . Construction Impeded . | . . . . Haulers Reinforced . | . . . . Active Scanning Responses . | . . . . Cargo Convoy Interrupts . | . . . . Stealth | -11 -10 -10 -9 --------- Run | Yrd Mat Min Mat Distress Signals 3 | . 1 . 2 Communications Jammed . | . . . . Distress Signals . | . . . . Times Spotted 40 | . 14 7 19 Peak Tracking Total 5 | . 3 2 5 Tactical Retreats 2 | . 1 1 . Traps | -11 -10 -10 -9 ------- Run | Yrd Mat Min Mat Traps Triggered 2 | . 1 . 1 Indirectly . | . . . . Trap Hack Attempts . | . . . . Triggered . | . . . . Disarmed . | . . . . Reprogrammed . | . . . . Reused . | . . . . Traps Extracted . | . . . . Installed . | . . . . Triggered . | . . . . Machines | -11 -10 -10 -9 ---------- Run | Yrd Mat Min Mat Machines Disabled . | . . . . Max in Single Turn . | . . . . Machines Repaired . | . . . . Machines Dismantled . | . . . . Machines Sabotaged . | . . . . Overloaded Fab Kills . | . . . . Hacking | -11 -10 -10 -9 --------- Run | Yrd Mat Min Mat Machines Accessed 7 | . 4 2 1 Terminals 6 | . 4 1 1 Fabricators . | . . . . Repair Stations . | . . . . Recycling Units . | . . . . Scanalyzers . | . . . . Garrison Access . | . . . . Total Hacks 12 | . 8 3 1 Successful 7 | . 4 2 1 Failed 5 | . 4 1 . Catastrophic 1 | . 1 . . Database Lockouts . | . . . . Manual . | . . . . Terminals 11 | . 8 2 1 Fabricators . | . . . . Repair Stations . | . . . . Recycling Units . | . . . . Scanalyzers . | . . . . Garrison Access . | . . . . Terminal Hacks 7 | . 4 2 1 Open Door 1 | . . 1 . Locate Traps 3 | . 2 . 1 Transport Status 1 | . 1 . . Zone Layout 2 | . 1 1 . Fabricator Hacks . | . . . . Repair Station Hacks . | . . . . Recycling Unit Hacks . | . . . . Scanalyzer . | . . . . Garrison Access Hacks . | . . . . Unauthorized Hacks . | . . . . Terminals . | . . . . Fabricators . | . . . . Repair Stations . | . . . . Recycling Units . | . . . . Scanalyzers . | . . . . Garrison Access . | . . . . Data Cores Recovered . | . . . . Used . | . . . . Hacking Detections 3 | . 2 1 . Full Trace Events . | . . . . Feedback Events . | . . . . Feedback Blocked . | . . . . Robot Schematics Acquired . | . . . . Robots Built . | . . . . Authchips . | . . . . Time . | . . . . Total Robot Build Rating . | . . . . Part Schematics Acquired . | . . . . Parts Built . | . . . . Authchips . | . . . . Time . | . . . . Total Part Build Rating . | . . . . Parts Repaired . | . . . . Time . | . . . . Parts Recycled . | . . . . Recycled Matter . | . . . . Retrieved Matter . | . . . . Retrieved Components . | . . . . Parts Scanalyzed . | . . . . Part Schematics Acquired . | . . . . Parts Damaged . | . . . . Bothacking | -11 -10 -10 -9 ------------ Run | Yrd Mat Min Mat Used RIF Installer . | . . . . Robots Hacked . | . . . . Non-combat . | . . . . Combat . | . . . . Robot Hacks Applied . | . . . . Relay Couplers Released . | . . . . Fabnet Peak Effective % . | . . . . Robots Rewired . | . . . . Allies Hacked . | . . . . Hacks Repelled . | . . . . Allies | -11 -10 -10 -9 -------- Run | Yrd Mat Min Mat Total Allies . | . . . . Largest Group . | . . . . Highest-Rated Group . | . . . . Highest-Rated Ally . | . . . . Total Orders . | . . . . Ally Attacks . | . . . . Total Damage . | . . . . Kills . | . . . . Allies Corrupted . | . . . . Allies Melted . | . . . . Intel | -11 -10 -10 -9 ------- Run | Yrd Mat Min Mat Robot Analysis Total . | . . . . Derelict Logs Recovered 1 | . . 1 . Drone Launches . | . . . . Drone Recoveries . | . . . . Exploration | -11 -10 -10 -9 ------------- Run | Yrd Mat Min Mat Turns Passed 3441 | 91 1280 1445 625 Spaces Moved 1139 | 59 528 415 137 Core 14 | 14 . . . Treads 1125 | 45 528 415 137 Legs . | . . . . Wheels . | . . . . Hover . | . . . . Flight . | . . . . Fastest Speed 50 | 50 160 320 320 Average Speed 265 | 133 211 320 362 Slowest Speed 480 | 160 320 320 480 Overloaded Moves . | . . . . Propulsion Burnouts . | . . . . Robots Hopped . | . . . . Cave-ins Triggered . | . . . . Exploration Rate (%) 43 | 6 70 76 22 Regions Visited 3 Branch Regions 1 Pre-discovered Areas 1 | . . 1 . Known Exits Taken . | . . . . Unknown Exits Taken 3 | 1 1 1 . Scrap Searched 1 | . . 1 . Spaces Dug 4 | . . 4 . Terrain Destroyed 5 | . . 4 1 Melee . | . . . . Projectile 5 | . . 4 1 AOE . | . . . . Terrain Rammed . | . . . . Walls Destroyed . | . . . . Machines Disabled . | . . . . Actions | -11 -10 -10 -9 --------- Run | Yrd Mat Min Mat Total 1419 | 71 666 475 207 Wait 139 | . 91 17 31 Move 1136 | 58 527 414 137 Hop . | . . . . Pick Up 45 | 7 22 10 6 Fast Attach . | . . . . Attach 12 | 6 4 . 2 Detach . | . . . . Swap 13 | . 5 8 . Drop 9 | . 4 2 3 Fire 40 | . 12 24 4 Melee 24 | . . . 24 Ram . | . . . . Kick . | . . . . Crush 1 | . 1 . . Escape Stasis . | . . . . Rewire . | . . . . Trap . | . . . . Miscellaneous . | . . . . Route ------- -11/Scrapyard -10/Materials (discovered 3 exits: *Mat x2 / *Min) -10/Mines -9/Materials History --------- Turn | Location | Event 11 | -11/Scrapyard | Discovered new exit (range 15) 92 | -11/Scrapyard | Entered Materials 309 | -10/Materials | Build established: Mutant 433 | -10/Materials | Discovered new exit (range 18) 715 | -10/Materials | Discovered new exit (range 6) 761 | -10/Materials | Discovered new exit (range 14) 1372 | -10/Materials | Entered Mines 1429 | -10/Mines | Found a hidden stash of uninstalled traps 1541 | -10/Mines | Discovered new exit (range 5) 1748 | -10/Mines | Met a Derelict shopkeep closing up shop 1863 | -10/Mines | Learned location of Mines (-9) 1945 | -10/Mines | A weapon hastily lodged in a ceiling crevice suddenly fell to the ground 2817 | -10/Mines | Entered Materials 2817 | -9/Materials | Evolved 2 slots: Propulsion x2 3442 | -9/Materials | Self-destructed Last Messages --------------- 03247_ B-36 Bruiser suffers critical hit (Smash). 03247_ Destroyed Lgt. Treads. 03247_ Destroyed Lgt. Armor Plating. 03247_ B-36 Bruiser system corrupted by crushing effect. 03249_ B-36 Bruiser destroyed. 03256_ G-34 Mercenary knocked back. 03264_ G-34 Mercenary destroyed. 03266_ K-01 Serf collects debris. 03302_ R-06 Scavenger collects Sml. Laser. 03334_ G-34 Mercenary destroyed. 03340_ K-01 Serf collects debris. 03344_ R-06 Scavenger collects Sml. Laser. 03348_ System corrupted: Lgt. Ion Engine rejected. 03349_ K-01 Serf collects debris. 03350_ R-06 Scavenger collects Lgt. Ion Engine. 03408_ W-16 Scout distress signal alerts nearby ally. 03437_ Triggered Explosive Trap. 03437_ An explosion rips through the floor. 03437_ Lgt. Treads destroyed. 03437_ Structural Scanner destroyed. Map ----- +----------------------------------------------------+ | ?????????????????????????????????## | | ?????????????????????????????????## | | ?????????????????????????????????## | | ?????????????????????????????????## | | ?????????????????????????#####???## | | ??????????????????????############# | | ??????????????????????##### ####### | | ???????????????######### [ !## | | ???????????????######### # | | ???????????????##!! #### """ """ # | | ???????????????##! #### """ """ + | | ???????????????##!! + """ """ # | | ???????????????##!! ## # | | ???????????????##! ## ! ## | | ???????????????##!! ## "T" ## | | ???????????????###### ############# | | ???????????????###### ##### + | | ???????????????????## ##????????? # | | ???????????????????## ##????????? # | | #? ????????####?## ##?????????## | | # """## ######## ##?????????## | | # """###+###T##### ##??????????? | | #! """# ### ##??????????? | | ?? *### ##??????????? | | ?????""" """ ### ##??????????? | | ???????"# @ """ ### ##??????????? | | ????????# """ ### ##???######## | | ????????# """ ### ############ | | ????????## ### ####### # | | ????????## ### %+% # | | ????????#####YY ### # !# | | ????????##### ### # # | | ???????????## w ### %+ ## | | ?????????? ## r### # # | | ?????????? ## ### # # | | ?????????? + u # # | | ?????????? # #### # # # | | ??????????## #### # ###### | | ??????????## ??##]]**!!# ###### | | ??????????## ??##]]**!!# ##????? | | ??????????## ??######### ##????? | | ??????????## ??######### ##????? | | ???????????? ?????????## # ????? | | ??????????????????????## # ????? | | ??????????????????????## # ????? | | ??????????????????????## # ????? | | ??????????????????????## # ????? | | ?????????????????????? # + ????? | | ?????????????????????? # #### ????? | | ?????????????????????? # #### ????? | +----------------------------------------------------+ Best States ------------- Heat Dissipation 28 Energy Generation 14 Energy Capacity 250 Matter Stores 300 Matter Capacity 300 Sight Range 16 Terrain Scan Range 14 Terrain Scan Density 10 Armor Coverage 150 Resistance: KI 20 Resistance: TH 20 Resistance: EX 20 Resistance: EM 20 Resistance: I 20 Resistance: S 20 Resistance: P 20 Evasion (%) 40 Recoil Reduction 2 Offensive Hacking 10 Item Schematics ----------------- None Robot Schematics ------------------ None Fabricated ------------ Nothing Alien Tech Used ----------------- None Achievements -------------- None Challenges ------------ None Game ------ Seed SpreadFissionSuite Manual? 0 Play Time 00:22:04 Cumulative 15.1 hours Start 2024.11.20 @ 17:31:02 End 2024.11.20 @ 17:56:46 Sessions 1 Manual Loads 0 Difficulty Adventurer Special Mode None Game No. 13 Rogue 10 Adventurer 3 Explorer 0 Win Type - Total 0 Types 0/0/0/0/0/0/0/0/0 Lore% 12 Gallery% 19 Achievement% 17 Wizard Run 0 Options --------- Layout 0 ASCII 0 Keyboard 0 Movement Numpad Keybinds 0 Fullscreen 2 Font 16/SmallcapsGlow Map View 88x55 Zoom Use 0% Tactical HUD 1 Map Filters NONE Filters NONE Steam 1 RUN: 2359d133-9031-4f72-8c24-ab8cc0db677d